 Dungeon Crawl Stone Soup version 0.30-a0-1016-gfb0d676c02 (webtiles) character file.

Game seed: 16402819969212683279

1001 ytrimaz the Insei (level 7, -9/76 HPs)
             Began as a Demigod Transmuter on Apr 6, 2023.
             Killed from afar by Dowan (13 damage)
             ... with a stone arrow
             ... on level 4 of the Dungeon.
             The game lasted 00:04:07 (3510 turns).

ytrimaz the Insei (Demigod Transmuter)              Turns: 3510, Time: 00:04:08

Health: -9/76      AC: 23    Str: 11    XL:     7   Next: 67%
Magic:  14/17      EV:  2    Int: 23    God:
Gold:   215        SH:  0    Dex: 14    Spells: 6/16 levels left

rFire   . . .      SeeInvis .      - Unarmed
rCold   . . .      Faith    .    (no shield)
rNeg    . . .      Spirit   .    n - melded +1 robe of the Watchman {rPois rCorr Int+3 Slay+3}
rPois   +          Reflect  .    (helmet currently unavailable)
rElec   .          Rampage  .    f - melded +2 cloak
rCorr   .          NoTele   +    (gloves currently unavailable)
Will    .....                    (boots currently unavailable)
Stlth   +                        (no amulet)
HPRegen 0.32/turn                d - +5 ring of evasion
MPRegen 0.15/turn                e - ring of poison resistance

@: tree-form, wereblooded
A: stationary, stasis, torment immunity, boosted hp, high MP 1, forlorn, divine
attributes
a: no special abilities


You were on level 4 of the Dungeon.
You were a tree.
You visited 1 branch of the dungeon, and saw 4 of its levels.

You collected 215 gold pieces.


Innate Abilities, Weirdness & Mutations

You are a tree.
Your roots penetrate the ground, keeping you stationary.
You cannot be teleported.
You are immune to unholy pain and torment.
Your maximum health is greatly increased.
Your equipment is partially melded.
You have an increased reservoir of magic. (+10% MP)
You shall have no god before yourself.
Your divine heritage dramatically boosts your attributes as you level up.


   Skills:
 - Level 0.8 Fighting
 - Level 1.7 Dodging
 + Level 6.2 Unarmed Combat
 - Level 5.0 Spellcasting
 - Level 4.0 Transmutations


You had 6 spell levels left.
You knew the following spells:

 Your Spells              Type           Power      Damage    Failure   Level
a - Beastly Appendage     Tmut           48%        N/A       1%          1
b - Wereblood             Tmut           24%        N/A       2%          2
c - Spider Form           Tmut/Pois      14%        N/A       12%         3
d - Ice Form              Ice/Tmut       14%        N/A       38%         4

Your spell library contained the following spells:

 Spells                   Type           Power      Damage    Failure   Level


Inventory:

Armour
 f - a +2 cloak (melded)
   (You found it on level 1 of the Dungeon)
 n - the +1 robe of the Watchman (melded) {rPois rCorr Int+3 Slay+3}
   (You found it on level 3 of the Dungeon)

   Int:       It affects your intelligence (+3).
   Slay:      It affects your accuracy & damage with ranged weapons and melee
   (+3).
   rPois:     It protects you from poison.
   rCorr:     It protects you from acid and corrosion.
Jewellery
 d - a +5 ring of evasion (left branch)
   (You found it on level 1 of the Dungeon)
 e - a ring of poison resistance (right branch)
   (You found it on level 4 of the Dungeon)
Scrolls
 g - a scroll of teleportation
 i - a scroll of magic mapping
 o - a scroll of blinking
Potions
 a - 3 potions of curing {unknown}
 c - a potion of brilliance {unknown}
 h - 2 potions of resistance
 j - a potion of berserk rage {unknown}
 k - a potion of attraction {unknown}
 l - a potion of ambrosia {unknown}
 m - a potion of flight {unknown}

Dungeon Overview and Level Annotations

Branches:
Dungeon (4/15) Zot: 20482  Temple (0/1) D:4

Annotations:
D:4 1 transporter, Dowan; ThatPearl's ghost, amateur DrTm

#.# #.# #.# ##.##
##...##
##.#.#.##########
#.##............#
##.###.########.#
##.#.## #♣#
#####.## #e#
.......# ...
######.# #####
#.# ###.# #...#
#.### #.#


You could see Dowan (fast).


Message History

😕 HP[+1] MP[+1] Unknown command.
You hit Duvessa but do no damage.
Duvessa looks as sick as possible!
Duvessa completely misses you.
You hit Duvessa.
Duvessa looks as sick as possible!
Duvessa completely misses you.
Unknown command.
You hit Duvessa.
Duvessa looks as sick as possible!
Blork the orc screams, "I'll crush all your ribs!
One by one!"
Duvessa hits you with a +0 rapier. 😮 HP[-6]
You take 6 damage, and now have 35/51 hp.
You hit Duvessa.
Duvessa looks as sick as possible!
Duvessa completely misses you. 😮 HP[+1] Unknown command.
You barely miss Duvessa. Duvessa misses you.
Unknown command.
You hit Duvessa but do no damage.
Duvessa looks as sick as possible!
You completely miss Duvessa.
Duvessa hits you with a +0 rapier. 😮 HP[-1] MP[+1]
You take 1 damage, and now have 35/51 hp.
Unknown command.
You hit Duvessa.
You feel a bit better.
You kill Duvessa!
Dowan's eyes darken. "You have made a black mistake."
Dowan seems to find hidden reserves of power!
Dowan gestures wildly while chanting.
Dowan blinks!
Training target 5.0 for Spellcasting reached!
Your Spellcasting skill increases to level 5! 😮 HP[+3]
You regained 3 hp, and now have 38/51 hp.
Blork the orc closely misses you.
Things that are here:
a +0 rapier; a +0 leather armour; the elf corpse of Duvessa Unknown command.
You hit Blork the orc but do no damage.
Blork the orc is poisoned.
Blork the orc hits you with a +1 war axe of freezing!
* * * LOW HITPOINT WARNING * * *
Blork the orc freezes you.
* * * LOW HITPOINT WARNING * * *
😨 HP[-19]
You take 19 damage, and now have 19/51 hp.
MASSIVE DAMAGE!! (PAUSE)
You hit Blork the orc.
Blork the orc looks as sick as possible!
Blork the orc barely misses you.
You hit Blork the orc but do no damage.
Blork the orc looks as sick as possible!
Blork the orc completely misses you. 😨 HP[+1] Unknown command.
You barely miss Blork the orc.
Blork the orc hits you with a +1 war axe of freezing!
* * * LOW HITPOINT WARNING * * *
Blork the orc freezes you.
* * * LOW HITPOINT WARNING * * *
😱 HP[-11]
You take 11 damage, and now have 9/51 hp.
MASSIVE DAMAGE!! (PAUSE) Really quaff the potion of lignification?
Your transformation has ended.
Your +2 cloak unmelds from your body.
The +1 robe of the Watchman {rPois rCorr Int+3 Slay+3} unmelds from your body.
You turn into a tree.
Your +2 cloak melds into your body.
The +1 robe of the Watchman {rPois rCorr Int+3 Slay+3} melds into your body.
Your roots penetrate the ground.
Blork the orc looks braver for a moment. 😱 HP[+5]
You now have 76 max hp (+25).
You regained 5 hp, and now have 14/76 hp.
Unknown command.
You barely miss Blork the orc. You punch Blork the orc.
Blork the orc casts a spell at you.
The puff of flame hits you but does no damage. 😱 MP[+1]
You smack Blork the orc!
You feel a bit better.
You kill Blork the orc!
Dowan hits you but does no damage.
Your Unarmed Combat skill increases to level 6! 😱 HP[+3]
You regained 3 hp, and now have 17/76 hp.
Unknown command.
You smack Dowan!
Dowan hits you but does no damage. 😱 HP[+1]
You closely miss Dowan. Dowan casts a spell at you. The stone arrow hits you!
* * * LOW HITPOINT WARNING * * *
😱 HP[-14]
You take 14 damage, and now have 4/76 hp.
Unknown command.
You barely miss Dowan.
You creak as the wereblood boils in your veins!
Dowan hits you but does no damage.
You hit Dowan but do no damage. Dowan hits you but does no damage.
Dowan points at you and mumbles some strange words.
The stone arrow hits you!
You die...

Skill      XL: |  1  2  3  4  5  6  7 |
---------------+----------------------+-----
Transmutations | 2 3 4 |  4.0
Spellcasting   | 2 4 5 |  5.0
Unarmed Combat | 3 5 6 |  6.2
Fighting       | |  0.8
Dodging        | |  1.7

Action                     |  1- 3 |  4- 6 |  7- 9 || total
---------------------------+-------+-------+-------++-------
  Melee: Unarmed           |    96 |    88 |    44 ||   228
         Kick              |    13 |    24 |     6 ||    43
         Headbutt          |    10 |    14 |     8 ||    32
         Punch             |     2 |     3 |     1 ||     6
   Cast: Beastly Appendage |    22 |    14 |     7 ||    43
         Wereblood         |       |     2 |     2 ||     4
         Spider Form       |       |       |     1 ||     1
    Use: Scroll            |     6 |     2 |       ||     8
         Potion            |       |     1 |     1 ||     2
   Stab: Sleeping          |     2 |     1 |       ||     3
 Armour: Robe              |    21 |    10 |     3 ||    34
         Skin              |       |     5 |     5 ||    10
  Dodge: Dodged            |    74 |    66 |    27 ||   167

Levels and vault maps discovered:
D:1:      shiori_arrival_elements, layout_loops_corners, serial_park_tiny_pond
D:2:      layout_loops_ring, uniq_jessica
D:3:      layout_basic, uniq_natasha
D:4:      layout_loops_ring, minmay_temple_entry_statues_fountains,
          gammafunk_ghost_stat_death, uniq_duvessa, uniq_blork_the_orc,
          uniq_pikel

Notes
Turn   | Place    | Note
-------+----------+-------------------------------------------
     0 | D:1      | ytrimaz the Demigod Transmuter began the quest for the Orb.
     0 | D:1      | Reached XP level 1. HP: 15/15 MP: 5/5
     0 | D:1      | magus.rc [v1.9.6]
    37 | D:1      | Reached skill level 2 in Transmutations
   296 | D:1      | Reached skill level 2 in Spellcasting
   296 | D:1      | Reached XP level 2. HP: 17/22 MP: 5/7
  1200 | D:1      | Learned a level 2 spell: Wereblood
  1296 | D:2      | Reached skill level 3 in Unarmed Combat
  1666 | D:2      | Reached XP level 3. HP: 25/27 MP: 6/8
  1670 | D:2      | Learned a level 3 spell: Spider Form
  1721 | D:2      | Noticed Jessica
  1725 | D:2      | Killed Jessica
  1726 | D:2      | Reached skill level 3 in Transmutations
  2100 | D:3      | Reached XP level 4. HP: 34/34 MP: 8/10
  2177 | D:3      | Identified the +0 dagger of Absolution {heavy, rElec}
  2379 | D:3      | Noticed Natasha
  2395 | D:3      | Killed Natasha
  2396 | D:3      | Reached XP level 5. HP: 39/39 MP: 9/12
  2527 | D:3      | Noticed Natasha
  2536 | D:3      | Killed Natasha
  2622 | D:3      | Identified the +1 robe of the Watchman {rPois rCorr Int+3
                  | Slay+3}
  2647 | D:3      | Reached skill level 4 in Transmutations
  2699 | D:3      | Noticed Natasha
  2724 | D:3      | Killed Natasha
  2725 | D:3      | Reached skill level 3 in Spellcasting
  2882 | D:4      | Noticed Pikel
  2897 | D:4      | HP: 14/58 [Pikel/+0 whip of freezing (1)]
  2898 | D:4      | Killed Pikel
  2899 | D:4      | Reached skill level 5 in Unarmed Combat
  2899 | D:4      | Reached skill level 4 in Spellcasting
  2899 | D:4      | Reached XP level 6. HP: 20/46 MP: 10/16
  2899 | D:4      | Reached XP level 7. HP: 22/51 MP: 10/17
  3039 | D:4      | Learned a level 4 spell: Ice Form
  3144 | D:4      | Noticed ThatPearl's ghost (amateur DrTm)
  3175 | D:4      | Found a transporter.
  3306 | D:4      | Found a staircase to the Ecumenical Temple.
  3483 | D:4      | Noticed Duvessa
  3486 | D:4      | Noticed Dowan
  3487 | D:4      | Noticed Blork the orc
  3498 | D:4      | Killed Duvessa
  3499 | D:4      | Reached skill level 5 in Spellcasting
  3503 | D:4      | HP: 9/51 [Blork the orc/+1 war axe of freezing (4)]
  3506 | D:4      | Killed Blork the orc
  3507 | D:4      | Reached skill level 6 in Unarmed Combat
  3508 | D:4      | HP: 4/76 [Dowan/stone arrow (14)]
  3510 | D:4      | Killed from afar by Dowan

Vanquished Creatures
  Pikel (D:4)
  Duvessa (D:4)
  Blork the orc (D:4)
  A jelly (D:4)
  2 orc priests (D:4)
  Jessica (D:2)
  2 iguanas (D:3)
  Natasha (thrice) (D:3)
  5 adders
  2 worms
  3 dart slugs
  4 orcs
  8 endoplasms
  4 giant cockroaches
  5 goblins
  4 hobgoblins
  5 jackals
  6 kobolds
  A quokka (D:4)
  4 ball pythons
  5 bats
  2 frilled lizards
  2 rats (D:1)
72 creatures vanquished.

Table legend:
 A = Non-vault XP
 B = Vault XP
 C = Vault XP percentage of total XP
 D = Non-vault monster count
 E = Vault monster count
 F = Vault count percentage of total count
                 A         B        C        D         E       F
            +---------+---------+-------+---------+---------+-------
      Total |     444 |     986 |  69.0 |      67 |       5 |   6.9
            +---------+---------+-------+---------+---------+-------
        D:1 |      32 |       0 |   0.0 |      19 |       0 |   0.0
        D:2 |      36 |      37 |  50.7 |      11 |       1 |   8.3
        D:3 |     217 |      35 |  13.9 |      23 |       1 |   4.2
        D:4 |     159 |     914 |  85.2 |      14 |       3 |  17.6
            +---------+---------+-------+---------+---------+-------

Illustrated notes

Table legend:
 A = Kills in this place as a percentage of kills in the entire game.
 B = Kills by you in this place as a percentage of kills by you in the entire game.
 C = Kills by friends in this place as a percentage of kills by friends in the entire game.
 D = Other kills in this place as a percentage of other kills in the entire game.
 E = Experience gained in this place as a percentage of experience gained in the entire game.
 F = Experience gained in this place divided by the number of levels of this place that you have seen.
                   A       B       C       D       E      F
               +-------+-------+-------+-------+-------+----------------------
         Total | 100.0 | 100.0 |   N/A |   N/A | 100.0 | 357.5
       Dungeon | 100.0 | 100.0 |   N/A |   N/A | 100.0 | 357.5
               +-------+-------+-------+-------+-------+----------------------

Table legend: (Time is in decaauts)
 A = Elapsed time spent in this place.
 B = Non-inter-level travel time spent in this place.
 C = Inter-level travel time spent in this place.
 D = Time resting spent in this place.
 E = Time spent auto-exploring this place.
 F = Levels seen in this place.
 G = Mean time per level.
                   A        B        C        D        E       F      G
               +--------+--------+--------+--------+--------+-----+--------+
         Total |   3516 |   3422 |     94 |    376 |   2409 |   4 |  879.0 |
       Dungeon |   3516 |   3422 |     94 |    376 |   2409 |   4 |  879.0 |
               +--------+--------+--------+--------+--------+-----+--------+

Top non-repeatable levels by time:
     D:1: 1242 daAuts
     D:2: 835 daAuts
     D:3: 780 daAuts
     D:4: 657 daAuts
